 Dungeon Crawl Stone Soup version 0.23.1 (webtiles) character file.

Game seed: 7479729590036618144

1297 PentaManta the Slinger (level 8, 0/49 HPs)
             Began as a Halfling Hunter on Mar 13, 2019.
             Was an Initiate of Okawaru.
             Succumbed to a water moccasin's poison
             ... on level 8 of the Dungeon.
             The game lasted 00:15:37 (4945 turns).

PentaManta the Slinger (Halfling Hunter)            Turns: 4945, Time: 00:15:38

Health: 0/49       AC:  5    Str: 15    XL:     8   Next: 87%
Magic:  0/8        EV: 14    Int:  9    God:    Okawaru [......]
Gold:   389        SH:  0    Dex: 15    Spells: 7/7 levels left

rFire    + . .     SeeInvis .   s - +2 rapier (venom)
rCold    . . .     Gourm    .   (shield restricted)
rNeg     . . .     Faith    .   c - +0 leather armour
rPois    .         Spirit   +   r - +0 helmet
rElec    .         Reflect  .   n - scarf {Spirit}
rCorr    .         Harm     .   o - +0 pair of gloves
MR       .....                  (no boots)
Stlth    +++.......             k - amulet of regeneration
HPRegen  0.56/turn              d - ring of protection from fire
MPRegen  0.11/turn              (no ring)

@: lethally poisoned (0 -> -2), flying
A: small, mutation resistance 1
a: Renounce Religion


You were on level 8 of the Dungeon.
You worshipped Okawaru.
Okawaru was noncommittal.
You were not hungry.

You visited 2 branches of the dungeon, and saw 9 of its levels.
You also visited: Sewer.

You collected 389 gold pieces.

Inventory:

Hand Weapons
 a - a +2 hunting sling
 b - a +0 short sword
 s - a +2 rapier of venom (weapon)
Missiles
 e - 247 stones (quivered)
 t - 27 sling bullets
Armour
 c - a +0 leather armour (worn)
 n - a scarf of spirit shield (worn)
 o - a +0 pair of gloves (worn)
 r - a +0 helmet (worn)
 A - a +1 cloak
Jewellery
 d - a ring of protection from fire (left hand)
 k - an amulet of regeneration (around neck)
Scrolls
 i - 3 scrolls of amnesia
 u - a scroll of fog
 v - a scroll of fear {unknown}
 x - 2 scrolls of identify
 y - a scroll of teleportation
 z - a scroll of noise {unknown}
Potions
 g - a potion of brilliance
 h - 2 potions of flight
 j - a potion of cancellation {unknown}
 l - a potion of agility {unknown}
 m - 3 potions of curing {unknown}
 p - a potion of heal wounds
 q - a potion of magic {unknown}
 w - 2 potions of might {unknown}
Comestibles
 f - 6 rations


   Skills:
 - Level 1.7 Fighting
 * Level 12.7 Slings
 - Level 2.1 Dodging
 + Level 6.9 Stealth


You had 7 spell levels left.
You didn't know any spells.
Your spell library contained the following spells:

 Spells                   Type           Power        Failure   Level  Hunger
 Freeze                   Ice            #...         45%         1    ##.....
 Throw Frost              Conj/Ice       #.....       58%         2    ###....
 Ozocubu's Armour         Chrm/Ice       #.......     83%         3    ####...
 Summon Ice Beast         Ice/Summ       #.......     99%         4    #####..
 Throw Icicle             Conj/Ice       #.......     99%         4    #####..


Dungeon Overview and Level Annotations

Branches:
Dungeon (8/15)             Temple (1/1) D:6
   Lair: D:8-11

Altars:
Cheibriados
Elyvilon
Fedhas
Gozag
Hepliaklqana
Makhleb
Okawaru
Qazlal
Ru
Sif Muna
Uskayaw
Vehumet
Wu Jian
Xom
Yredelemnul
Zin
The Shining One

Shops:
D:5 =


Innate Abilities, Weirdness & Mutations

You are small and have problems with some larger weapons.
You are somewhat resistant to further mutation.


Message History

The howler monkey hits you.
* * * LOW HITPOINT WARNING * * *
Something hits you.
* * * LOW HITPOINT WARNING * * *
You hit the water moccasin but do no damage.
The water moccasin bites you.
* * * LOW HITPOINT WARNING * * *
You are poisoned.
The water moccasin poisons you! The howler monkey hits you!
* * * LOW HITPOINT WARNING * * *
The water moccasin closely misses you. Something barely misses you.
The howler monkey hoots and howls with incredible vigour!
You hear an angry growl.
You hear a shout!
You hear a loud, deep croak!
You hear a shout! x2
* * * LOW HITPOINT WARNING * * *
You feel sick. The water moccasin misses you.
Okay, then.
You feel very buoyant.
You fly up into the air.
You die...

#. #. # #.
#.####.##
........#
........#
.......)######.#
/....(.hS......#
........@..#...
.......!....#
....$...#####
#####...# #...#
#####


You could see a water moccasin and a howler monkey.

Vanquished Creatures
  An orc warrior (D:8)
  A phantom (D:5)
  2 centaurs
  A big kobold (Sewer)
  2 bullfrogs (D:7)
  A water moccasin skeleton (D:6)
  A bullfrog zombie (D:5)
  2 hounds
  2 jellies (D:5)
  2 bullfrog skeletons
  An orc wizard (D:3)
  A centaur skeleton (D:5)
  An iguana (D:6)
  Terence (D:2)
  3 worker ants
  A hound zombie (D:4)
  A howler monkey zombie (D:5)
  4 gnolls (D:5)
  A howler monkey skeleton (D:4)
  14 adders
  3 oozes
  2 worms
  8 leopard geckos
  10 orcs
  9 bats
  5 giant cockroaches
  9 goblins
  6 hobgoblins
  5 jackals
  2 quokkas
  9 frilled lizards
  2 gnoll zombies (D:3)
  10 kobolds
  2 quokka zombies
  10 rats
135 creatures vanquished.

Notes
Turn   | Place    | Note
-------+----------+-------------------------------------------
     0 | D:1      | PentaManta the Halfling Hunter began the quest for the Orb.
     0 | D:1      | Reached XP level 1. HP: 14/14 MP: 1/1
     9 | D:1      | Reached skill level 6 in Slings
    12 | D:1      | Reached XP level 2. HP: 18/19 MP: 2/2
   138 | D:1      | Reached XP level 3. HP: 24/24 MP: 3/3
   401 | D:1      | Reached skill level 7 in Slings
   524 | D:2      | Noticed Terence
   586 | D:2      | Reached XP level 4. HP: 29/29 MP: 4/4
   812 | D:2      | Killed Terence
   812 | D:2      | Reached XP level 5. HP: 26/34 MP: 5/5
  1126 | D:3      | Reached skill level 8 in Slings
  1289 | D:3      | Found a glowing drain.
  1325 | Sewer    | Entered a sewer
  1400 | Sewer    | Noticed a big kobold
  1407 | Sewer    | Killed a big kobold
  1407 | Sewer    | Reached XP level 6. HP: 39/39 MP: 6/6
  1434 | Sewer    | Found a white marble altar of Elyvilon.
  1676 | D:3      | Found a burning altar of Makhleb.
  1764 | D:3      | Reached skill level 9 in Slings
  1899 | D:3      | Found a basalt altar of Yredelemnul.
  1990 | D:4      | Found a radiant altar of Vehumet.
  2421 | D:4      | Found a hazy altar of Hepliaklqana.
  2520 | D:4      | Reached XP level 7. HP: 44/44 MP: 7/7
  2535 | D:4      | Reached skill level 10 in Slings
  2692 | D:4      | Found a glowing silver altar of Zin.
  2870 | D:5      | Entered Level 5 of the Dungeon
  2909 | D:5      | Reached skill level 5 in Stealth
  2923 | D:5      | Found Tarusary's Jewellery Emporium.
  3080 | D:5      | Reached skill level 11 in Slings
  3098 | D:5      | Reached XP level 8. HP: 49/49 MP: 8/8
  3168 | D:5      | Found an ornate altar of the Wu Jian Council.
  3400 | D:5      | Found a snail-covered altar of Cheibriados.
  3474 | D:5      | Found a stormy altar of Qazlal.
  4136 | D:6      | Reached skill level 12 in Slings
  4237 | D:6      | Found a staircase to the Ecumenical Temple.
  4525 | Temple   | Entered the Ecumenical Temple
  4740 | Temple   | Became a worshipper of Warmaster Okawaru
  4847 | D:7      | Found a shimmering altar of Xom.
  4849 | D:7      | Found a shimmering altar of Xom.
  4943 | D:8      | HP: 1/49 [howler monkey (7)]
  4945 | D:8      | Succumbed to a water moccasin's poison

Skill      XL: |  1  2  3  4  5  6  7  8 |
---------------+-------------------------+-----
Slings         | 6 7 8 9 11 12 | 12.7
Stealth        | 2 3 4 5 6 |  6.9
Fighting       | |  1.7
Dodging        | |  2.1

Action                   |  1- 3 |  4- 6 |  7- 9 || total
-------------------------+-------+-------+-------++-------
Melee: Rapier            |       |       |    10 ||    10
 Fire: Hunting sling     |    64 |   179 |   187 ||   430
Throw: Stone             |       |       |     1 ||     1
  Use: Scroll            |     5 |     3 |     2 ||    10
       Potion            |       |       |     2 ||     2
  Eat: Chunk             |       |     4 |     5 ||     9
       Ration            |       |       |     1 ||     1
Armor: Leather armour    |     1 |     9 |     6 ||    16
Dodge: Dodged            |     8 |    24 |    44 ||    76
